Unix NetHack Version 5.0.0-0 post-release - last build May 10 2026 23:12:36 (d1fa5d53e341ca933230fdaa984d921c805b60aa,branch:main).

Game began 2026-05-15 20:28:38, ended 2026-05-15 20:37:00.

ArrBianca, lawful female dwarven Archeologist

                                           --.--
                                          -....|
                                          .....|
                 ----        --------.... ....i--
                 |)..--      ..%...^...G.......@|
                 |....--.....................----
                 ----......<...|.|...---------
                    ....----------

ArrBianca the Field Worker  St:16 Dx:13 Co:12 In:15 Wi:14 Ch:7  Lawful
Dlvl:4  $:43 HP:0(28) Pw:4(4) AC:8  Xp:3 T:1687 

Latest messages:
 You miss it.
 It bites!
 It bites!
 What do you want to eat? [dko or ?*] <esc>
 Never mind.
 You attack thin air.
 You attack thin air.
 You miss it.
 It bites!
 You kill it!
 You can see again.
 You swap places with the peaceful gnome lord.
 You are beginning to feel hungry.
 You kill the garter snake!
 You swap places with the peaceful gnome lord.
 What do you want to eat? [dko or ?*] d
 Blecch!  Rotten food!
 You finish eating the food ration.
 You attack thin air.
 You see here a gecko corpse.
 What do you want to use or apply? [ae-hnw or ?*] f
 There is a gecko corpse here; tin it? [ynq] (n) y
 y - a tin of gecko meat.
 You attack thin air.
 The gecko bites!
 You kill the gecko!
 Really step onto that falling rock trap? [yn] (n) n
 A giant rat suddenly appears!
 You can hear again.
 You stop waiting.
 You stop waiting.
 You lash the giant rat!
 You miss the giant rat.
 The giant rat bites!
 You kill the giant rat!
 The homunculus bites!
 You avoid harm.
 The homunculus bites!
 The homunculus bites!
 What do you want to drink? [jr or ?*] j
 Your feet are frozen to the floor!
 The homunculus bites!
 The homunculus bites!
 The homunculus bites!
 The homunculus bites!
 The homunculus bites!
 The homunculus bites!
 The homunculus bites!
 You die...
 Do you want an account of creatures vanquished? [ynaq] (y) q

Inventory:
 Coins    ('$')
  $ - 43 gold pieces
 Amulets  ('"')
  u - an uncursed amulet of guarding
 Weapons  (')')
  l - 9 +0 arrows
  a - a +2 bullwhip (weapon in right hand)
 Armor    ('[')
  c - an uncursed +0 fedora (being worn)
  p - an uncursed +0 oilskin cloak (being worn)
  b - an uncursed +0 leather jacket (being worn)
 Comestibles  ('%')
  d - 3 uncursed food rations
  y - an uncursed homemade tin of gecko meat
  k - 3 uncursed homemade tins of jackal meat
  o - 2 uncursed lichen corpses
 Potions  ('!')
  r - an uncursed potion of gain energy
 Tools    ('(')
  h - an empty uncursed sack
  w - an uncursed blindfold
  n - a cursed lock pick
  e - a +0 pick-axe (alternate weapon; not wielded)
  f - a tinning kit (0:75)
 Gems/Stones  ('*')
  g - an uncursed touchstone

ArrBianca the Archeologist's attributes:

Background:
 You were a Field Worker, a level 3 female dwarven Archeologist.
 You were lawful, on a mission for Quetzalcoatl
 who was opposed by Camaxtli (neutral) and Huhetotl (chaotic).
 You were right-handed.
 You were in the Gnomish Mines, on level 4.
 You entered the dungeon 1687 turns ago.
 You had 70 experience points, 10 more were needed to attain level 4.

Basics:
 You had 0 out of 28 hit points.
 You had all 4 energy points (spell power).
 Your armor class was 8.
 Your wallet contained 43 zorkmids.
 Autopickup was on for '$?!/="+%' plus thrown, with exceptions.

Final Characteristics:
 Your strength was 16 (limit:18/100).
 Your dexterity was 13 (limit:20).
 Your constitution was 12 (limit:20).
 Your intelligence was 15 (limit:16).
 Your wisdom was 14 (limit:16).
 Your charisma was 7 (limit:16).

Final Status:
 You weren't hungry.
 You were unencumbered.
 You were wielding a whip.
 You had basic skill with whip.

Final Attributes:
 You were devoutly aligned.
 You had automatic searching.
 You had infravision.
 You were guarded.
 You were lucky.
 You are dead.

Miscellaneous:
 You didn't encounter any bones levels.
 Total elapsed playing time was 8 minutes and 22 seconds.

Major events:
 Turn
    1: ArrBianca the lawful female dwarven Archeologist entered the dungeon
 1072: entered the Gnomish Mines
 1223: attained the rank of Field Worker (level 3)
 1687: killed by a homunculus, while frozen by a potion

You didn't know any spells.

Skills:
 Fighting Skills
   bare handed combat [Unskilled]
   two weapon combat  [Unskilled]
   riding             [Unskilled]
 Weapon Skills
   dagger             [Unskilled]
   knife              [Unskilled]
   pick-axe           [Basic]
   short sword        [Unskilled]
   saber              [Unskilled]
   club               [Unskilled]
   quarterstaff       [Unskilled]
   sling              [Unskilled]
   dart               [Unskilled]
   boomerang          [Unskilled]
   whip               [Basic]
   unicorn horn       [Unskilled]
 Spellcasting Skills
   attack spells      [Unskilled]
   healing spells     [Unskilled]
   divination spells  [Unskilled]
   matter spells      [Unskilled]

Voluntary challenges:
 Character rerolling was not enabled.
 You were vegetarian.
 You never had a pet.
 You never genocided any monsters.
 You never polymorphed an object.
 You never changed form.
 You used no wishes.
Achievements:
 You entered the Gnomish Mines.
 You attained the rank of Field Worker.

 The Dungeons of Doom: levels 1 to 3
    Level 1:
       Some fountains.
    Level 2:
       An altar.
       Stairs down to The Gnomish Mines.
    Level 3:
 The Gnomish Mines: levels 3 to 4
    Level 3:
    Level 4: <- You were here.
       Final resting place for
          you, killed by a homunculus, while frozen by a potion.


Vanquished creatures:
 an acid blob
  a gas spore
  a large kobold
  a giant rat
  a brown mold
  2 garter snakes
  4 geckos
  5 jackals
  a goblin
  2 sewer rats
  4 grid bugs
  3 lichens
  a kobold zombie
  5 newts
32 creatures vanquished.

No species were genocided or became extinct.

Game over:
                       ----------
                      /          \
                     /    REST    \
                    /      IN      \
                   /     PEACE      \
                  /                  \
                  |    ArrBianca     |
                  |      43 Au       |
                  |   killed by a    |
                  |    homunculus    |
                  |                  |
                  |                  |
                  |       2026       |
                 *|     *  *  *      | *
        _________)/\\_//(\/(/\)/\//\/|_)_______

Goodbye ArrBianca the Archeologist...

You died in The Gnomish Mines on dungeon level 4 with 479 points,
and 43 pieces of gold, after 1687 moves.
You were level 3 with a maximum of 28 hit points when you died.

